 Dungeon Crawl Stone Soup version 0.31.0-9-g3a7656b989 (webtiles) character file.

Game seed: 14221772791607478963

70 qw the Shooter (level 4, -2/22 HPs)
             Began as a Spriggan Hunter on Feb 2, 2024.
             Slain by an orc
             ... wielding a +0 flail
              (8 damage)
             ... on level 3 of the Dungeon.
             The game lasted 00:00:07 (2051 turns).

qw the Shooter (Spriggan Hunter)                    Turns: 2051, Time: 00:00:08

Health: -2/22      AC:  3    Str:  7    XL:     4   Next: 4%
Magic:  5/5        EV: 19    Int: 10    God:
Gold:   210        SH:  0    Dex: 20    Spells: 3/3 levels left

rFire   . . .        a - +0 shortbow
rCold   . . .        (shield currently unavailable)
rNeg    . . .        c - +0 robe
rPois   .            (helmet restricted)
rElec   .            d - +0 cloak
rCorr   +            (gloves unavailable)
SInv    +            (boots unavailable)
Will    .....        (no amulet)
Stlth   ++           i - ring of resist corrosion
HPRegen 0.23/turn    (no ring)
MPRegen 0.09/turn

%: no passive effects
@: very quick
A: very small, no large weapons, unfitting armour, see invisible, speed 3
a: no special abilities


You were on level 3 of the Dungeon.
You visited 1 branch of the dungeon, and saw 3 of its levels.

You collected 210 gold pieces.


Innate Abilities, Weirdness & Mutations

You are very small and have problems with some larger weapons.
You are too small for most types of armour.
You have supernaturally acute eyesight. (SInv)
You cover ground extremely quickly. (Speed+++)


   Skills:
 - Level 1.5 Fighting
 - Level 5.0 Ranged Weapons
 + Level 4.1 Dodging
 - Level 1.5 Stealth


You had 3 spell levels left.
You didn't know any spells.
Your spell library was empty.

Inventory:

Hand Weapons
 a - a +0 shortbow (weapon)
Armour
 c - a +0 robe (worn)
 d - a +0 cloak (worn)
Jewellery
 i - a ring of resist corrosion (left hand)
Potions
 b - a potion of magic {unknown}
 e - 2 potions of heal wounds
 f - a potion of brilliance {unknown}
 h - a potion of ambrosia {unknown}

Dungeon Overview and Level Annotations

Branches:
Dungeon (3/15)

Altars:
Cheibriados

Shops:
D:3 [


Message History

Things that are here:
a +0 dagger; a kobold corpse; an adder corpse
There is an open door here.
An orc comes into view. It is wielding a +0 dagger.
You shoot an arrow. The arrow hits the orc!
You kill the orc!
You have reached level 4!
You open the door.
An orc priest and a bat come into view.
Found a helmet.
You shoot an arrow.
The arrow hits the orc priest but does no damage.
You hear a shout!
An orc comes into view. It is wielding a +0 flail.
You hear a shout! x2
You shoot an arrow. The arrow hits the orc priest.
The orc priest is moderately wounded.
The orc priest completely misses you.
You shoot an arrow. The arrow hits the orc priest.
The orc priest is heavily wounded.
An orc comes into view. It is wielding a +0 hand axe.
The orc priest hits you with a +0 flail.
You shoot an arrow.
The arrow closely misses the orc priest.
The orc priest misses you.
You shoot an arrow. The arrow barely misses the orc priest.
An orc comes into view. It is wielding a +0 flail.
You shoot an arrow. The arrow hits the orc!
You kill the orc!
An orc comes into view. It is wielding a +0 hand axe.
You shoot an arrow. The arrow hits the orc.
The orc is lightly wounded.
The orc priest invokes the aid of Beogh against you.
Beogh smites you!
Ouch! That really hurt!
The orc misses you.
You shoot an arrow. The arrow hits the orc.
The orc is heavily wounded.
The orc hits you with a +0 flail!
You die...

...........#
#
#########..#
# . #..# #
.. #..# #
... #..# #
.... #..# #
..... #..# #
......#o.# #
....[oo@.# #
.....b#o.# #
##### #..# #
...# # )...#
# ##### # #


You could see an orc priest, 3 orcs and a bat.

Vanquished Creatures
  An adder (D:3)
  4 ribbon worms
  2 dart slugs (D:3)
  4 orcs (D:3)
  2 endoplasms (D:1)
  A giant cockroach (D:1)
  6 hobgoblins
  A quokka (D:3)
  4 ball pythons
  4 bats
  4 frilled lizards
  A goblin (D:2)
  6 kobolds
  5 rats
45 creatures vanquished.

Notes
Turn   | Place    | Note
-------+----------+-------------------------------------------
     0 | D:1      | qw the Spriggan Hunter began the quest for the Orb.
     0 | D:1      | Reached XP level 1. HP: 10/10 MP: 2/2
     0 | D:1      | 0 ||| qw: Version: 0.3-a-155-g5e7d8dd
     0 | D:1      | 0 ||| qw: Game counter: 1342
     0 | D:1      | 0 ||| qw: Melee chars always use a shield: true
     0 | D:1      | 0 ||| qw: God list: Okawaru
     0 | D:1      | 0 ||| qw: Allow faded altars: false
     0 | D:1      | 0 ||| qw: Do Orc after clearing Dungeon:15 true
     0 | D:1      | 0 ||| qw: Do second Lair branch before Depths: true
     0 | D:1      | 0 ||| qw: Lair rune preference: random
     0 | D:1      | 0 ||| qw: Goals: Normal
     0 | D:1      | 0 ||| PLANNING D:1-11
   122 | D:1      | Reached skill level 3 in Dodging
   294 | D:1      | Reached XP level 2. HP: 9/14 MP: 3/3
   441 | D:1      | Found a faded altar of an unknown god.
   600 | D:1      | 600 ||| UPGRADING to +0 cloak.
   605 | D:1      | 605 ||| READING scroll labelled YPOGUA WEECWAUM.
   605 | D:1      | 605 ||| IDENTIFYING purple potion
   606 | D:1      | 606 ||| DROPPING scroll of butterflies.
   850 | D:2      | Identified the +0 flail of Fixkuaxked {vamp, rPois Will-
                  | rCorr Str-2}
  1089 | D:2      | 1089 ||| UPGRADING to ring of resist corrosion.
  1090 | D:2      | 1090 ||| READING scroll of identify.
  1090 | D:2      | 1090 ||| IDENTIFYING smoky silvery potion
  1091 | D:2      | 1091 ||| READING scroll labelled QYUGI HEIKK.
  1094 | D:2      | 1094 ||| READING scroll labelled IJAF NEQUVOE.
  1095 | D:2      | 1095 ||| DROPPING potion of degeneration.
  1303 | D:3      | Found the +7 Kryia's mail coat {PotionHeal*2 rC+}
  1357 | D:3      | Reached XP level 3. HP: 18/18 MP: 4/4
  1493 | D:3      | Found Calugi's Armour Boutique.
  1686 | D:3      | Found a snail-covered altar of Cheibriados.
  1687 | D:3      | 1687 ||| READING scroll labelled RANWUGG TE HEA.
  1993 | D:3      | Reached skill level 5 in Ranged Weapons
  2042 | D:3      | Reached XP level 4. HP: 22/22 MP: 5/5
  2051 | D:3      | Slain by an orc

Levels and vault maps discovered:
D:1:      enne_arrival_octagon_isle, layout_loops_ring,
          shapermc_ecumenical_altar_pompeii, chequers_serial_rivers_micro_c
D:2:      layout_rooms
D:3:      minmay_razor_zed, layout_basic, cheibrodos_worm_habitat,
          nicolae_overflow_hidden_temple, serial_shops, shop,
          kennysheep_decorative_pillar, minivault_25

Skill      XL: |  1  2  3 |
---------------+----------+-----
Dodging        | 3 4 |  4.1
Ranged Weapons | 5 |  5.0
Fighting       | |  1.5
Stealth        | |  1.5

Action                     |  1- 3 |  4- 6 || total
---------------------------+-------+-------++-------
   Fire: Shortbow          |   118 |     8 ||   126
    Use: Scroll            |     5 |       ||     5
 Armour: Robe              |     8 |     2 ||    10
  Dodge: Dodged            |    30 |     3 ||    33

Table legend:
 A = Non-vault XP
 B = Vault XP
 C = Vault XP percentage of total XP
 D = Non-vault monster count
 E = Vault monster count
 F = Vault count percentage of total count
                 A         B        C        D         E       F
            +---------+---------+-------+---------+---------+-------
      Total |      58 |      43 |  42.6 |      29 |      16 |  35.6
            +---------+---------+-------+---------+---------+-------
        D:1 |      13 |       0 |   0.0 |       9 |       0 |   0.0
        D:2 |      18 |       0 |   0.0 |       7 |       0 |   0.0
        D:3 |      27 |      43 |  61.4 |      13 |      16 |  55.2
            +---------+---------+-------+---------+---------+-------
